 Dungeon Crawl Stone Soup version 0.29.1-13-g9f3cf754e1 (webtiles) character file.

Game seed: 3142141477235315541

121 GigaChad the Covered (level 4, 0/40 HPs)
             Began as a Minotaur Fighter on Jan 19, 2023.
             Was an Initiate of Makhleb.
             Killed from afar by a steam dragon (10 damage)
             ... with a ball of steam
             ... on level 3 of the Dungeon.
             The game lasted 00:02:47 (2409 turns).

GigaChad the Covered (Minotaur Fighter)             Turns: 2409, Time: 00:02:48

Health: 0/40       AC:  7    Str: 23    XL:     4   Next: 76%
Magic:  3/3        EV: 13    Int:  5    God:    Makhleb [......]
Gold:   212        SH:  4    Dex:  9    Spells: 3/3 levels left

rFire   . . .      SeeInvis .   a - +0 war axe
rCold   . . .      Faith    .   c - +0 buckler
rNeg    . . .      Spirit   .   b - +0 scale mail
rPois   .          Reflect  .   (helmet restricted)
rElec   .          Harm     .   (no cloak)
rCorr   .          Rampage  .   (no gloves)
Will    .....                   (no boots)
Stlth   ..........              (no amulet)
HPRegen 0.13/turn               k - +4 ring of evasion
MPRegen 0.08/turn               (no ring)

@: no status effects
A: horns 2, retaliatory headbutt
a: Renounce Religion


You were on level 3 of the Dungeon.
You worshipped Makhleb.
Makhleb was noncommittal.
You visited 1 branch of the dungeon, and saw 3 of its levels.

You collected 212 gold pieces.

Inventory:

Hand Weapons
 a - a +0 war axe (weapon)
 n - a +1 war axe of electrocution
Armour
 b - a +0 scale mail (worn)
 c - a +0 buckler (worn)
Jewellery
 k - a +4 ring of evasion (left hand)
 p - a +4 ring of protection
 s - an amulet of guardian spirit
Wands
 q - a wand of flame (3)
Scrolls
 e - 2 scrolls of noise {unknown}
 h - 2 scrolls of poison {unknown}
 j - a scroll of brand weapon {unknown}
 o - a scroll of identify {unknown}
 r - a scroll of torment {unknown}
Potions
 d - 5 potions of might
 f - a potion of lignification {unknown}
 g - a potion of haste {unknown}
 i - a potion of attraction {unknown}
 l - a potion of mutation {unknown}
 m - 3 potions of heal wounds {unknown}


   Skills:
 + Level 4.2 Fighting
 + Level 3.9 Axes
 + Level 4.6 Armour
 + Level 0.7 Dodging
 + Level 0.2 Stealth
 + Level 4.3 Shields


You had 3 spell levels left.
You didn't know any spells.
Your spell library was empty.

Dungeon Overview and Level Annotations

Branches:
Dungeon (3/15)

Altars:
Makhleb


Innate Abilities, Weirdness & Mutations

You have a pair of horns on your head.
You reflexively headbutt those who attack you in melee.


Message History

The adder moves out of view.
Found 16 gold pieces.
The adder misses you.
You slash the adder!
You kill the adder!
Makhleb accepts your kill.
You see here an adder corpse.
You now have 212 gold pieces (gained 16).
You see here an adder corpse.
A worm comes into view.
A worm is nearby!
A steam dragon comes into view.
The worm bites you.
You hit the worm. You headbutt the worm!
The worm is severely wounded.
You barely miss the steam dragon. The steam dragon breathes steam at you.
The ball of steam hits you! The worm bites you.
You hear an angry hiss.
You slash the worm!
You kill the worm!
Makhleb accepts your kill.
You hit the steam dragon.
You are engulfed in a cloud of scalding steam.
The steam dragon bites you but does no damage.
You block the steam dragon's attack.
A bat comes into view.
The steam dragon bites you!
* * * LOW HITPOINT WARNING * * *
The steam dragon misses you.
You see here a worm corpse.
You slash the steam dragon! Your headbutt misses the steam dragon.
The steam dragon is heavily wounded.
The steam dragon closely misses you.
The steam dragon claws you but does no damage.
You block the bat's attack.
A frilled lizard comes into view.
The steam dragon breathes steam at you. The ball of steam hits you!
You die...

#.............#
#.#############
#.# #.# #.# #.#
#.# #
######.#.#####
#....D@.......
#l####b.......
#........
#........
#........
#.#+##### #..
...


You could see a steam dragon (catching breath), a bat and a frilled lizard
(wandering).

Vanquished Creatures
  6 adders
  2 worms
  A dart slug (D:2)
  An orc (D:3)
  6 ball pythons
  6 bats
  5 endoplasms
  4 giant cockroaches
  2 goblins
  6 hobgoblins
  4 jackals (D:1)
  2 quokkas (D:2)
  A ball python zombie (D:3)
  A frilled lizard (D:2)
  4 kobolds
  7 rats
58 creatures vanquished.

Vanquished Creatures (others)
  5 withered plants (D:3)
5 creatures vanquished.

Grand Total: 63 creatures vanquished

Notes
Turn   | Place    | Note
-------+----------+-------------------------------------------
     0 | D:1      | GigaChad the Minotaur Fighter began the quest for the Orb.
     0 | D:1      | Reached XP level 1. HP: 19/19 MP: 0/0
   327 | D:1      | Reached XP level 2. HP: 24/27 MP: 1/1
  1076 | D:2      | Reached XP level 3. HP: 33/33 MP: 2/2
  1427 | D:2      | Reached XP level 4. HP: 40/40 MP: 3/3
  2291 | D:3      | Found a burning altar of Makhleb.
  2312 | D:3      | Became a worshipper of Makhleb the Destroyer
  2405 | D:3      | Noticed a steam dragon
  2409 | D:3      | Killed from afar by a steam dragon

Illustrated notes

Levels and vault maps discovered:
D:1:      scummos_arrival_hexagon, layout_basic
D:2:      layout_loops_ring
D:3:      layout_basic, bloody_makhleb, serial_undead, serial_undead_a,
          serial_undead_e, serial_undead_b, serial_undead_e

Skill      XL: |  1  2  3 |
---------------+----------+-----
Armour         | 4 |  4.6
Shields        | 4 |  4.3
Fighting       | 4 |  4.2
Axes           | 3 |  3.9
Dodging        | |  0.7
Stealth        | |  0.2

Action                   |  1- 3 |  4- 6 || total
-------------------------+-------+-------++-------
Melee: War axe           |    86 |    32 ||   118
       Headbutt          |    11 |     7 ||    18
Armor: Scale mail        |    54 |     9 ||    63
Dodge: Dodged            |    56 |    20 ||    76
Block: Buckler           |    18 |    11 ||    29
